[ AOE2 MATCH · #505634058 ]
UnrankedMaya vs Byzantines
Player's team · LOSS
Rival team · WIN
[ REPLAY ANALYSIS · EXTRACTED FROM THE RECORDED GAME ]
Feudal
14:49
Castle
20:35
Imperial
—
| APM avg | 47.3 |
| APM peak | 75 |
| eAPM avg | 20.4 |
| Villagers / military | 54 / 50 |
Focus
⚔️ 43.3% · 🌾 56.7%
Eagle Scout ×38 · Militia ×12
Feudal
12:36
Castle
—
Imperial
—
| APM avg | 47.1 |
| APM peak | 89 |
| eAPM avg | 21.5 |
| Villagers / military | 79 / 73 |
Focus
⚔️ 45.2% · 🌾 54.8%
Archer ×73
Match map
Initial resources + every placement click. Lines = walls · curves = elevation contours. ◆ gold · ⬟ stone · ● berries · ✦ relic · ◌ wall gap
Your base· Open — 4t gap
Jack's base· Open — unwalled flank
Smoothed initial terrain · ◌ = detected wall gap · hover for details
Inputs per minute
— SaintedByArmor - - Jack
Build order — SaintedByArmor
First 150 of 170 actions detected
| 0:00 | Create | Villager (Male) |
| 0:01 | Create | Villager (Male) |
| 0:02 | Build | House |
| 0:04 | Research | Loom |
| 0:05 | Build | House |
| 0:15 | Create | Villager (Male) |
| 0:15 | Create | Villager (Male) |
| 0:27 | Create | Villager (Male) |
| 1:35 | Create | Villager (Male) |
| 2:06 | Create | Villager (Male) |
| 2:14 | Build | Barracks |
| 2:32 | Create | Villager (Male) |
| 2:58 | Create | Villager (Male) |
| 3:12 | Create | Militia |
| 3:31 | Create | Villager (Male) |
| 3:50 | Build | House |
| 3:54 | Create | Villager (Male) |
| 4:17 | Create | Villager (Male) |
| 4:18 | Create | Villager (Male) |
| 4:40 | Create | Militia |
| 4:46 | Create | Villager (Male) |
| 5:15 | Create | Villager (Male) |
| 5:23 | Build | House |
| 5:35 | Create | Villager (Male) |
| 5:36 | Create | Militia |
| 6:07 | Create | Militia |
| 6:07 | Create | Militia |
| 6:13 | Create | Villager (Male) |
| 6:18 | Build | Mill |
| 6:19 | Create | Militia |
| 6:19 | Create | Militia |
| 6:28 | Create | Villager (Male) |
| 6:32 | Build | House |
| 6:51 | Create | Villager (Male) |
| 7:06 | Create | Villager (Male) |
| 7:26 | Create | Villager (Male) |
| 8:00 | Create | Villager (Male) |
| 8:01 | Create | Militia |
| 8:29 | Create | Villager (Male) |
| 8:36 | Build | Lumber Camp |
| 8:53 | Create | Villager (Male) |
| 9:00 | Build | House |
| 9:01 | Build | House |
| 9:15 | Create | Villager (Male) |
| 9:26 | Create | Militia |
| 9:43 | Create | Villager (Male) |
| 10:03 | Build | Farm |
| 10:04 | Create | Villager (Male) |
| 10:14 | Build | Farm |
| 10:17 | Create | Militia |
| 10:33 | Create | Villager (Male) |
| 10:36 | Build | Farm |
| 10:38 | Build | Farm |
| 10:55 | Build | Mining Camp |
| 10:56 | Create | Villager (Male) |
| 10:58 | Create | Militia |
| 11:15 | Build | Farm |
| 11:20 | Create | Villager (Male) |
| 11:42 | Create | Villager (Male) |
| 11:45 | Create | Militia |
| 11:50 | Build | Farm |
| 11:59 | Build | House |
| 12:08 | Create | Villager (Male) |
| 12:32 | Build | House |
| 12:33 | Build | Palisade Wall |
| 12:34 | Build | Palisade Wall |
| 12:38 | Research | Feudal Age |
| 12:49 | Build | Farm |
| 12:58 | Build | Palisade Wall |
| 12:58 | Build | Palisade Wall |
| 12:59 | Build | Palisade Wall |
| 13:01 | Build | Palisade Wall |
| 13:47 | Build | Palisade Wall |
| 13:48 | Build | Palisade Wall |
| 13:53 | Build | Palisade Wall |
| 13:54 | Build | Palisade Wall |
| 13:58 | Build | Farm |
| 14:00 | Build | Farm |
| 14:17 | Build | Palisade Wall |
| 14:19 | Build | Palisade Wall |
| 14:23 | Create | Villager (Male) |
| 14:33 | Build | House |
| 14:49 | Age | Feudal Age |
| 15:03 | Build | Market |
| 15:10 | Build | Palisade Wall |
| 15:16 | Build | Palisade Wall |
| 15:17 | Create | Villager (Male) |
| 15:28 | Build | Palisade Wall |
| 15:37 | Build | Watch Tower |
| 15:47 | Create | Villager (Male) |
| 15:59 | Create | Villager (Male) |
| 16:31 | Create | Villager (Male) |
| 16:38 | Build | Blacksmith |
| 16:40 | Build | Farm |
| 16:43 | Build | Palisade Wall |
| 16:45 | Build | Palisade Wall |
| 16:59 | Create | Villager (Male) |
| 17:21 | Build | Farm |
| 17:22 | Build | Farm |
| 17:37 | Build | Farm |
| 17:44 | Build | Farm |
| 17:55 | Research | Castle Age |
| 17:56 | Research | Castle Age |
| 18:03 | Build | Barracks |
| 18:06 | Create | Eagle Scout |
| 18:06 | Create | Eagle Scout |
| 18:37 | Create | Villager (Male) |
| 19:09 | Create | Villager (Male) |
| 20:24 | Create | Eagle Scout |
| 20:25 | Create | Eagle Scout |
| 20:35 | Age | Castle Age |
| 20:38 | Create | Eagle Scout |
| 20:51 | Create | Eagle Scout |
| 20:51 | Create | Eagle Scout |
| 20:59 | Research | Scale Mail Armor |
| 21:11 | Build | House |
| 21:22 | Create | Eagle Scout |
| 21:22 | Create | Eagle Scout |
| 21:30 | Create | Eagle Scout |
| 21:31 | Create | Eagle Scout |
| 21:35 | Create | Villager (Male) |
| 21:36 | Create | Villager (Male) |
| 21:53 | Create | Eagle Scout |
| 21:54 | Create | Eagle Scout |
| 22:08 | Create | Villager (Male) |
| 22:29 | Research | Chain Mail Armor |
| 22:32 | Create | Eagle Scout |
| 22:32 | Create | Eagle Scout |
| 22:33 | Create | Eagle Scout |
| 22:55 | Create | Villager (Male) |
| 22:58 | Build | Siege Workshop |
| 23:28 | Create | Villager (Male) |
| 23:53 | Create | Villager (Male) |
| 24:17 | Create | Villager (Male) |
| 24:18 | Create | Villager (Male) |
| 24:34 | Create | Eagle Scout |
| 24:34 | Create | Eagle Scout |
| 25:13 | Create | Eagle Scout |
| 25:13 | Create | Eagle Scout |
| 25:21 | Create | Villager (Male) |
| 25:22 | Create | Villager (Male) |
| 25:46 | Create | Eagle Scout |
| 26:03 | Create | Eagle Scout |
| 26:03 | Create | Eagle Scout |
| 26:21 | Build | Farm |
| 26:22 | Build | Farm |
| 26:23 | Create | Eagle Scout |
| 26:26 | Create | Villager (Male) |
| 26:26 | Create | Villager (Male) |
| 26:30 | Create | Eagle Scout |
Build order — Jack
First 150 of 226 actions detected
| 0:01 | Create | Villager (Male) |
| 0:01 | Create | Villager (Male) |
| 0:01 | Create | Villager (Male) |
| 0:02 | Create | Villager (Male) |
| 0:02 | Create | Villager (Male) |
| 0:03 | Build | House |
| 0:04 | Build | House |
| 1:25 | Create | Villager (Male) |
| 1:26 | Create | Villager (Male) |
| 1:59 | Create | Villager (Male) |
| 1:59 | Create | Villager (Male) |
| 2:13 | Create | Villager (Male) |
| 2:13 | Create | Villager (Male) |
| 2:28 | Build | Mill |
| 2:44 | Create | Villager (Male) |
| 2:44 | Create | Villager (Male) |
| 3:12 | Create | Villager (Male) |
| 3:12 | Create | Villager (Male) |
| 3:46 | Create | Villager (Male) |
| 3:48 | Create | Villager (Male) |
| 3:48 | Create | Villager (Male) |
| 3:53 | Build | House |
| 4:06 | Create | Villager (Male) |
| 4:15 | Research | Loom |
| 4:30 | Create | Villager (Male) |
| 4:30 | Create | Villager (Male) |
| 4:45 | Create | Villager (Male) |
| 5:23 | Create | Villager (Male) |
| 5:25 | Create | Villager (Male) |
| 5:29 | Create | Villager (Male) |
| 5:30 | Create | Villager (Male) |
| 6:02 | Create | Villager (Male) |
| 6:02 | Create | Villager (Male) |
| 6:02 | Create | Villager (Male) |
| 6:19 | Build | Lumber Camp |
| 6:56 | Create | Villager (Male) |
| 7:04 | Create | Villager (Male) |
| 7:11 | Build | House |
| 7:47 | Build | Palisade Wall |
| 8:25 | Build | Palisade Wall |
| 8:33 | Create | Villager (Male) |
| 8:33 | Create | Villager (Male) |
| 8:33 | Create | Villager (Male) |
| 8:33 | Create | Villager (Male) |
| 8:53 | Create | Villager (Male) |
| 8:53 | Create | Villager (Male) |
| 8:53 | Create | Villager (Male) |
| 8:54 | Create | Villager (Male) |
| 8:57 | Create | Villager (Male) |
| 9:08 | Create | Villager (Male) |
| 9:08 | Create | Villager (Male) |
| 9:30 | Create | Villager (Male) |
| 9:30 | Create | Villager (Male) |
| 9:42 | Create | Villager (Male) |
| 9:54 | Build | Mill |
| 10:11 | Research | Feudal Age |
| 10:11 | Research | Feudal Age |
| 10:47 | Build | House |
| 10:57 | Build | Barracks |
| 11:17 | Build | Mining Camp |
| 11:35 | Create | Villager (Male) |
| 12:06 | Build | House |
| 12:26 | Create | Villager (Male) |
| 12:36 | Age | Feudal Age |
| 12:38 | Build | Archery Range |
| 12:40 | Create | Villager (Male) |
| 13:18 | Build | Archery Range |
| 13:23 | Create | Archer |
| 13:24 | Create | Archer |
| 13:27 | Build | House |
| 13:32 | Create | Villager (Male) |
| 13:34 | Create | Villager (Male) |
| 13:34 | Create | Villager (Male) |
| 13:51 | Build | House |
| 13:56 | Create | Archer |
| 14:05 | Create | Archer |
| 14:05 | Create | Archer |
| 14:05 | Create | Archer |
| 14:22 | Create | Villager (Male) |
| 14:25 | Create | Archer |
| 14:25 | Create | Archer |
| 14:31 | Create | Archer |
| 14:45 | Build | Outpost |
| 14:55 | Create | Villager (Male) |
| 14:56 | Create | Villager (Male) |
| 14:58 | Build | House |
| 14:59 | Create | Archer |
| 15:00 | Create | Archer |
| 15:03 | Build | Farm |
| 15:22 | Create | Archer |
| 15:22 | Create | Archer |
| 15:47 | Create | Villager (Male) |
| 15:51 | Create | Archer |
| 15:51 | Create | Archer |
| 16:16 | Create | Archer |
| 16:16 | Create | Archer |
| 16:24 | Create | Villager (Male) |
| 16:30 | Build | Farm |
| 16:31 | Create | Villager (Male) |
| 16:36 | Build | Blacksmith |
| 16:38 | Create | Archer |
| 16:39 | Create | Archer |
| 16:52 | Create | Archer |
| 16:52 | Create | Archer |
| 16:56 | Build | Farm |
| 17:01 | Research | Fletching |
| 17:01 | Research | Fletching |
| 17:07 | Build | Farm |
| 17:23 | Build | Outpost |
| 17:26 | Create | Archer |
| 17:38 | Build | Palisade Wall |
| 17:41 | Build | Palisade Wall |
| 17:42 | Build | Palisade Wall |
| 17:43 | Build | Palisade Wall |
| 17:50 | Create | Archer |
| 18:01 | Create | Villager (Male) |
| 18:06 | Build | Lumber Camp |
| 18:08 | Create | Archer |
| 18:13 | Build | House |
| 18:15 | Build | House |
| 18:18 | Build | House |
| 18:21 | Build | Palisade Wall |
| 18:40 | Create | Archer |
| 18:43 | Create | Villager (Male) |
| 19:00 | Create | Archer |
| 19:17 | Build | Farm |
| 19:17 | Create | Villager (Male) |
| 19:19 | Create | Archer |
| 19:41 | Build | Watch Tower |
| 19:43 | Create | Archer |
| 19:53 | Create | Villager (Male) |
| 19:54 | Create | Villager (Male) |
| 19:56 | Build | Farm |
| 19:57 | Build | Farm |
| 20:07 | Build | Palisade Wall |
| 20:08 | Build | Palisade Wall |
| 20:11 | Build | Palisade Wall |
| 20:12 | Build | Palisade Wall |
| 20:14 | Build | Palisade Wall |
| 20:19 | Create | Archer |
| 20:19 | Create | Archer |
| 20:25 | Create | Archer |
| 20:25 | Create | Archer |
| 20:47 | Create | Archer |
| 20:47 | Create | Archer |
| 21:00 | Create | Villager (Male) |
| 21:02 | Build | Farm |
| 21:06 | Create | Archer |
| 21:22 | Research | Padded Archer Armor |
| 21:35 | Create | Villager (Male) |
Match timeline
| 2:14 | SaintedByArmor · first_building Barracks |
| 7:47 | Jack · wall_segment Palisade Wall x1 |
| 8:25 | Jack · wall_segment Palisade Wall x1 |
| 10:57 | Jack · first_building Barracks |
| 12:33 | SaintedByArmor · wall_segment Palisade Wall x1 |
| 12:34 | SaintedByArmor · wall_segment Palisade Wall x1 |
| 12:36 | Jack · age_up feudal |
| 12:38 | Jack · first_building Archery Range |
| 12:58 | SaintedByArmor · wall_segment Palisade Wall x1 |
| 12:58 | SaintedByArmor · wall_segment Palisade Wall x1 |
| 12:59 | SaintedByArmor · wall_segment Palisade Wall x1 |
| 13:01 | SaintedByArmor · wall_segment Palisade Wall x12 |
| 13:47 | SaintedByArmor · wall_segment Palisade Wall x1 |
| 13:48 | SaintedByArmor · wall_segment Palisade Wall x6 |
| 13:53 | SaintedByArmor · wall_segment Palisade Wall x1 |
| 13:54 | SaintedByArmor · wall_segment Palisade Wall x2 |
| 14:17 | SaintedByArmor · wall_segment Palisade Wall x1 |
| 14:19 | SaintedByArmor · wall_segment Palisade Wall x5 |
| 14:49 | SaintedByArmor · age_up feudal |
| 15:10 | SaintedByArmor · wall_segment Palisade Wall x5 |
| 15:16 | SaintedByArmor · wall_segment Palisade Wall x1 |
| 15:28 | SaintedByArmor · wall_segment Palisade Wall x1 |
| 16:43 | SaintedByArmor · wall_segment Palisade Wall x1 |
| 16:45 | SaintedByArmor · wall_segment Palisade Wall x4 |
| 17:19 | SaintedByArmor · first_market_buy 100 food |
| 17:38 | Jack · wall_segment Palisade Wall x2 |
| 17:41 | Jack · wall_segment Palisade Wall x1 |
| 17:42 | Jack · wall_segment Palisade Wall x1 |
| 17:43 | Jack · wall_segment Palisade Wall x1 |
| 18:21 | Jack · wall_segment Palisade Wall x3 |
| 20:07 | Jack · wall_segment Palisade Wall x1 |
| 20:08 | Jack · wall_segment Palisade Wall x1 |
| 20:11 | Jack · wall_segment Palisade Wall x1 |
| 20:12 | Jack · wall_segment Palisade Wall x1 |
| 20:14 | Jack · wall_segment Palisade Wall x1 |
| 20:24 | SaintedByArmor · first_market_sell 100 wood |
| 20:35 | SaintedByArmor · age_up castle |
| 22:58 | SaintedByArmor · first_building Siege Workshop |
| 27:11 | SaintedByArmor · wall_segment Palisade Wall x1 |
| 27:13 | SaintedByArmor · wall_segment Palisade Wall x1 |
| 27:17 | SaintedByArmor · wall_segment Palisade Wall x1 |
| 27:22 | SaintedByArmor · wall_segment Palisade Wall x1 |
| 27:39 | Jack · first_market_sell 100 wood |
| 29:04 | SaintedByArmor · resign |
[ AI ANALYSIS · 1 CREDIT ]
What really happened in this match?
Wolo.gg analyzes every decision: build order, eco, micro, common mistakes by bracket. Personalized analysis on WhatsApp or Discord in 30 seconds.
Civ guide
Maya
Perfil
Jugador #13797156